 Dungeon Crawl Stone Soup version 0.28-a0-175-gb2089b6bb7 (webtiles) character file.

Game seed: 12126562611990821578

581 Nattfarinn the Magician (level 7, -1/45 HPs)
             Began as a Djinni Conjurer on Aug 17, 2021.
             Killed from afar by Ijyb (3 damage)
             ... with an iceblast
             ... on level 5 of the Dungeon.
             The game lasted 00:05:51 (5590 turns).

Nattfarinn the Magician (Djinni Conjurer)           Turns: 5590, Time: 00:05:51

Health: -1/45      AC:  2    Str:  6    XL:     7   Next: 63%
Gold:   144        EV: 12    Int: 22    God:
                   SH:  0    Dex: 11

rFire   + + .      SeeInvis .   i - +1 short sword (venom)
rCold   x . .      Faith    .   (no shield)
rNeg    . . .      Spirit   .   a - +0 robe
rPois   ∞          Reflect  .   (no helmet)
rElec   .          Harm     .   (no cloak)
rCorr   .          Rampage  .   (no gloves)
Will    .....                   (boots unavailable)
Stlth   ++........              (no amulet)
HPRegen 0.15/turn               (no ring)
MPRegen 0.00/turn               (no ring)

@: flying, very slightly contaminated, invisible
A: sickness immunity, fire resistance 2, cold vulnerability 1, float, innate
caster, hp casting, extra vitality 1
a: no special abilities


You were on level 5 of the Dungeon.
You visited 1 branch of the dungeon, and saw 5 of its levels.

You collected 144 gold pieces.

Inventory:

Hand Weapons
 i - a +1 short sword of venom (weapon)
Armour
 a - a +0 robe (worn)
Scrolls
 b - 3 scrolls of blinking {unknown}
 c - 5 scrolls of noise {unknown}
 d - 2 scrolls of enchant weapon {unknown}
 e - 3 scrolls of identify {unknown}
 f - a scroll of immolation
 g - a scroll of fog {unknown}
 h - a scroll of amnesia {unknown}
 k - 2 scrolls of teleportation {unknown}


   Skills:
 - Level 2.1 Dodging
 - Level 1.5 Stealth
 + Level 6.8 Spellcasting


You couldn't memorise any spells.
You knew the following spells:

 Your Spells              Type           Power      Damage    Failure   Level
a - Magic Dart            Conj           100%       1d8       1%          1
b - Searing Ray           Conj           74%        3d6       1%          2
c - Dazzling Flash        Conj/Hex       74%        N/A       1%          3
d - Fulminant Prism       Conj/Hex       18%        3d11      4%          4
e - Iskenderun's Mystic   Conj/Tloc      37%        2d9       4%          4
f - Sting                 Tmut/Pois      100%       1d8       1%          1
g - Blink                 Tloc           N/A        N/A       1%          2
h - Call Imp              Summ           37%        N/A       1%          2
Your spell library was empty.

Dungeon Overview and Level Annotations

Branches:
Dungeon (5/15)
 Temple: D:4-7

Altars:
Okawaru
Vehumet
Yredelemnul

Shops:
D:1 =

Annotations:
D:3 4 runed translucent doors, PostStallone's ghost, weakling MiBe; anet's ghost, amateur HOCj
D:5 Ijyb


Innate Abilities, Weirdness & Mutations

You are immune to sickness and miasma.
You are immune to poison.
Your flesh is very heat resistant. (rF++)
You are vulnerable to cold. (rC-)
You float through the air rather than walking.
You learn spells naturally, not from books.
Your magical power is your life essence.
You have superior vitality. (+4 HP)


Message History

Aiming: Sting (safe; 1% risk of failure)
Press: ? - help, Shift-Dir - straight line, f/p - Ijyb
Aim: Ijyb, wielding a +0 club, wearing a +0 leather armour and carrying a wand of iceblast (7) (lightly wounded, 72% to hit)
The sting misses Ijyb.
Ijyb zaps a wand.
The mass of ice explodes!
The iceblast engulfs you.
You feel a painful chill!
Casting: Sting (safe; 1% risk of failure)
Confirm with . or Enter, or press ? or * to list all spells.
Aiming: Sting (safe; 1% risk of failure)
Press: ? - help, Shift-Dir - straight line, f/p - Ijyb
Aim: Ijyb, wielding a +0 club, wearing a +0 leather armour and carrying a wand of iceblast (6) (lightly wounded, 72% to hit)
The sting hits Ijyb!
Ijyb is poisoned.
Ijyb is moderately wounded.
Casting: Sting (safe; 1% risk of failure)
Confirm with . or Enter, or press ? or * to list all spells.
Aiming: Sting (safe; 1% risk of failure)
Press: ? - help, Shift-Dir - straight line, f/p - Ijyb
Aim: Ijyb, wielding a +0 club, wearing a +0 leather armour and carrying a wand of iceblast (6) (moderately wounded, poisoned, 72% to hit)
The sting hits Ijyb.
Ijyb looks even sicker.
Ijyb is heavily wounded.
Ijyb zaps a wand.
The mass of ice explodes!
The iceblast engulfs you!!
You feel a painful chill!
* * * LOW HITPOINT WARNING * * *
It was a potion of invisibility.
You fade into invisibility!
Ijyb screams, "No!
No, no, no, no!"
You are very lightly contaminated with residual magic.
Ijyb zaps a wand.
The mass of ice explodes!
Casting: Sting (safe; 1% risk of failure)
Confirm with . or Enter, or press ? or * to list all spells.
Aiming: Fulminant Prism (dangerous; 4% risk of failure)
Press: ? - help, Dir - move target, p - Ijyb You conjure a prism of explosive energy!
* * * LOW HITPOINT WARNING * * *
A fulminant prism comes into view.
Ijyb hits your fulminant prism with a +0 club.
Ijyb hits your fulminant prism with a +0 club.
Your fulminant prism detonates feebly.
Ijyb screams, "I cut your head off!"
Ijyb zaps a wand.
The mass of ice explodes!
The iceblast engulfs you.
You die...

#.# #.# #># #.# #.# #+ #.# #.#
... ##.## ####.# .... ##...##
#....## ..... ##.....#
#.....##
......####...@..#####......###
......'g.......)...)).#.......
......####.....#######.#...###
..... ##.#.## #.##.## .?..
###.# #.#### ... #.# #.# #+
#.# #.# #.# #.# #.# ...


You could see Ijyb (poisoned).

Vanquished Creatures
  A necrophage (D:4)
  A scorpion (D:4)
  A water moccasin zombie (D:3)
  2 hounds (D:4)
  5 orc wizards
  3 gnolls (D:5)
  A howler monkey skeleton (D:4)
  7 adders
  2 adder skeletons (D:4)
  2 worms
  3 dart slugs
  6 orcs
  8 ball pythons
  3 endoplasms
  3 giant cockroaches
  9 goblins
  2 hobgoblins (D:2)
  8 jackals (D:2)
  4 quokkas
  2 bats (D:2)
  2 frilled lizards
  A giant cockroach zombie (D:3)
  5 kobolds
  6 rats
87 creatures vanquished.

Vanquished Creatures (others)
  2 fulminant prisms
2 creatures vanquished.

Grand Total: 89 creatures vanquished

Notes
Turn   | Place    | Note
-------+----------+-------------------------------------------
     0 | D:1      | Nattfarinn the Djinni Conjurer began the quest for the Orb.
     0 | D:1      | Reached XP level 1. HP: 15/15 MP: 0/0
   218 | D:1      | Reached XP level 2. HP: 19/21 MP: 0/0
   374 | D:1      | Found a faded altar of an unknown god.
   817 | D:1      | Found Koyxteh's Jewellery Shop.
  1140 | D:2      | Reached XP level 3. HP: 24/25 MP: 0/0
  1140 | D:2      | Learned a level 1 spell: Sting
  1323 | D:2      | Reached skill level 4 in Spellcasting
  1851 | D:2      | Reached XP level 4. HP: 28/31 MP: 0/0
  2630 | D:3      | Found a runed translucent door.
  2632 | D:3      | Noticed anet's ghost (amateur HOCj)
  2710 | D:3      | Reached XP level 5. HP: 16/35 MP: 0/0
  2710 | D:3      | Learned a level 2 spell: Blink
  2735 | D:3      | Reached skill level 5 in Spellcasting
  3042 | D:3      | Found a runed translucent gate.
  3043 | D:3      | Found a runed translucent gate.
  3044 | D:3      | Found a runed translucent gate.
  3044 | D:3      | Noticed PostStallone's ghost (weakling MiBe)
  3047 | D:3      | Found a basalt altar of Yredelemnul.
  3085 | D:3      | Reached XP level 6. HP: 16/40 MP: 0/0
  4197 | D:4      | Noticed a necrophage
  4206 | D:4      | Reached skill level 6 in Spellcasting
  4210 | D:4      | Killed a necrophage
  4211 | D:4      | Reached XP level 7. HP: 9/45 MP: 0/0
  4211 | D:4      | Learned a level 2 spell: Call Imp
  4813 | D:4      | Found an iron altar of Okawaru.
  5329 | D:5      | Entered Level 5 of the Dungeon
  5577 | D:5      | Noticed Ijyb
  5590 | D:5      | Killed from afar by Ijyb

Illustrated notes

Levels and vault maps discovered:
D:1:      dpeg_arrival_erosion, layout_basic, serial_shops,
          nicolae_shop_behind_doors, hellmonk_ecumenical_altar_heavens_door
D:2:      layout_loops_corners
D:3:      layout_loops_cross, nicolae_yredelemnul_ghost_church,
          ebering_ghost_inner_flame
D:4:      layout_gridville, gammafunk_temple_overflow_elements, st_stairs_1,
          chequers_serial_rivers_micro_e
D:5:      layout_loops_corners, uniq_ijyb, uniq_sigmund

Skill      XL: |  1  2  3  4  5  6 |
---------------+-------------------+-----
Spellcasting   | 4 5 6 |  6.8
Dodging        | |  2.1
Stealth        | |  1.5

Action                   |  1- 3 |  4- 6 |  7- 9 || total
-------------------------+-------+-------+-------++-------
 Cast: Magic Dart        |    61 |    91 |    49 ||   201
       Searing Ray       |     2 |    10 |       ||    12
       Sting             |       |       |     5 ||     5
       Iskenderun's Myst |       |       |     2 ||     2
       Fulminant Prism   |       |       |     2 ||     2
  Use: Potion            |       |       |     1 ||     1
Armor: Robe              |     3 |     2 |       ||     5
Dodge: Dodged            |     5 |     9 |     8 ||    22

Table legend: (Time is in decaauts)
 A = Elapsed time spent in this place.
 B = Non-inter-level travel time spent in this place.
 C = Inter-level travel time spent in this place.
 D = Time resting spent in this place.
 E = Time spent auto-exploring this place.
 F = Levels seen in this place.
 G = Mean time per level.
                   A        B        C        D        E       F      G
               +--------+--------+--------+--------+--------+-----+--------+
         Total |   5588 |   5463 |    125 |    779 |   4284 |   5 | 1117.6 |
       Dungeon |   5588 |   5463 |    125 |    779 |   4284 |   5 | 1117.6 |
               +--------+--------+--------+--------+--------+-----+--------+

Top non-repeatable levels by time:
     D:4: 1556 daAuts
     D:2: 1476 daAuts
     D:3: 1272 daAuts
     D:1: 1022 daAuts
     D:5: 260 daAuts
